 Dungeon Crawl Stone Soup version 0.18.1-48-g4cf74bf (console) character file.

52 wip the Grasshopper (level 3, 0/18 HPs)
             Began as a Spriggan Warper on July 8, 2016.
             Succumbed to an adder's poison
             ... on level 2 of the Dungeon.
             The game lasted 00:11:09 (2575 turns).

wip the Grasshopper (Spriggan Warper)               Turns: 2575, Time: 00:11:09

Health: 0/18       AC:  3    Str:  7    XL:     3   Next: 60%
Magic:  8/8        EV: 19    Int: 15    God:
Gold:   122        SH:  0    Dex: 15    Spells: 2 memorised, 4 levels left

rFire  . . .     SeeInvis +       - Unarmed
rCold  . . .     Gourm    .     q - +1 robe
rNeg   . . .     Faith    .     (shield restricted)
rPois  .         Spirit   .     (helmet restricted)
rElec  .         Dismiss  .     (no cloak)
rCorr  .         Reflect  .     (gloves unavailable)
SustAt .         Harm     .     (boots unavailable)
MR     .....                    (no amulet)
Stlth  ++........               (no ring)
                                (no ring)

@: lethally poisoned (0 -> -6), very quick, not resistant to hostile
enchantments, unstealthy
A: unfitting armour, see invisible, herbivore 3, speed 3, slow metabolism 2
a: no special abilities


You were on level 2 of the Dungeon.
You were not hungry.

You visited 1 branch of the dungeon, and saw 2 of its levels.

You collected 122 gold pieces.

Inventory:

Hand Weapons
 a - a +1 hunting sling of freezing
 h - a +0 dagger
 p - a +0 spear
Missiles
 d - a tomahawk of dispersal
 e - 61 stones (quivered)
 r - 31 sling bullets
Armour
 k - a +0 robe
 q - a +1 robe (worn)
Scrolls
 c - 2 scrolls of blinking
 g - a scroll of remove curse
 i - 2 scrolls of identify
 l - 2 scrolls of enchant armour
Potions
 j - a potion of heal wounds {unknown}
 n - a potion of brilliance
 o - a potion of curing {unknown}
Books
 b - a book of Spatial Translocations

   Spells                             Type                      Level
   a - Apportation                    Translocation                1
   b - Blink                          Translocation                2
   c - Shroud of Golubria             Charms/Translocation         2
   d - Portal Projectile              Translocation                3
   e - Teleport Other                 Translocation                3
   f - Passage of Golubria            Translocation                4
Comestibles
 f - a bread ration
 m - 3 fruits


   Skills:
 + Level 1.7 Fighting
 + Level 1.5 Throwing
 + Level 4.3 Dodging
 + Level 0.9 Stealth
 + Level 2.0 Unarmed Combat
 + Level 2.8 Spellcasting
 + Level 5.0 Translocations


You had 4 spell levels left.
You knew the following spells:

 Your Spells              Type           Power        Failure   Level  Hunger
a - Apportation           Tloc           ###.......   2%          1    #......
b - Blink                 Tloc           N/A          4%          2    ##.....


Dungeon Overview and Level Annotations

Branches:
Dungeon (2/15)

Altars:


Innate Abilities, Weirdness & Mutations

You are tiny and cannot use many weapons and most armour.
You have supernaturally acute eyesight.
You are a herbivore.
You cover ground extremely quickly.
You need consume almost no food.


Message History

The adder bites you.
You are poisoned.
The adder poisons you! The adder closely misses you.
You hit the adder.
The adder is almost dead.
You feel sick. The adder completely misses you.
You hit the adder.
The adder is almost dead.
The adder completely misses you.
You miss the adder.
The adder is almost dead.
You feel sick. The adder bites you.
* * * LOW HITPOINT WARNING * * *
You barely miss the adder.
The adder is almost dead.
The adder bites you.
* * * LOW HITPOINT WARNING * * *
* * * LOW HITPOINT WARNING * * *
You feel sick.
You die...

##########
#######........#
#.....#.######.#
#.###.#.# #.#
#.#.#.#.# #.#
#.#...#.# #.#
#.#.###.# #@#
#.......# ###.#
#.#.##### #...#
#.#.# #S###
#.#.# #.# #.#.#
#.# #.#.# #.#
#.#.# #.# #.#.#
#.#


You could see an adder.

Vanquished Creatures
  An adder (D:2)
  4 worms (D:2)
  A giant gecko (D:2)
  A ball python (D:2)
  2 bats
  2 giant cockroaches (D:2)
  4 goblins
  4 hobgoblins
  4 kobolds
  3 giant newts
  4 rats
30 creatures vanquished.

Notes
Turn   | Place    | Note
--------------------------------------------------------------
     0 | D:1      | wip the Spriggan Warper began the quest for the Orb.
     0 | D:1      | Reached XP level 1. HP: 10/10 MP: 5/5
   203 | D:1      | Reached XP level 2. HP: 9/14 MP: 6/6
   207 | D:1      | Learned a level 2 spell: Blink
  2025 | D:2      | Reached XP level 3. HP: 18/18 MP: 8/8
  2042 | D:2      | Reached skill level 5 in Translocations
  2575 | D:2      | Succumbed to an adder's poison

Skill      XL: |  1  2  3 |
---------------+----------+-----
Dodging        | 4 |  4.3
Translocations | 5 |  5.0
Unarmed Combat | 2 |  2.0
Fighting       | |  1.7
Throwing       | |  1.5
Stealth        | |  0.9
Spellcasting   | |  2.8

Action                   || total
-------------------------++-------
Melee: Unarmed           ||   160
       Punch             ||     2
 Fire: Hunting sling     ||    21
Throw: Stone             ||    26
       Tomahawk          ||     4
 Cast: Blink             ||     4
  Use: Scroll            ||     5
 Stab: Sleeping          ||     5
Armor: Robe              ||     8
Dodge: Dodged            ||   118
